 Dungeon Crawl Stone Soup version 0.29.1-2-gbd0b4ee654 (webtiles) character file.

Game seed: 10585649497368165708

128 Explode1 the Firebug (level 5, -7/28 HPs)
             Began as a Gargoyle Fire Elementalist on Nov 2, 2022.
             Mangled by Blork the orc
             ... wielding a +0 hand axe
              (9 damage)
             ... on level 4 of the Dungeon.
             The game lasted 00:10:54 (3817 turns).

Explode1 the Firebug (Gargoyle Fire Elementalist)   Turns: 3817, Time: 00:10:55

Health: -7/28      AC:  6    Str: 11    XL:     5   Next: 11%
Magic:  2/8        EV:  9    Int: 18    God:
Gold:   172        SH:  0    Dex: 16    Spells: 2/8 levels left

rFire   . . .      SeeInvis .   e - +0 flail
rCold   . . .      Faith    .   (no shield)
rNeg    + . .      Spirit   .   a - +0 robe
rPois   ∞          Reflect  .   (no helmet)
rElec   +          Harm     .   (no cloak)
rCorr   .          Rampage  .   (no gloves)
Will    .....                   (no boots)
Stlth   ++........              (no amulet)
HPRegen 0.09/turn               i - +6 ring of dexterity
MPRegen 0.11/turn               (no ring)

@: very slightly contaminated, constricted, invisible
A: sickness immunity, AC +4, negative energy resistance 1, electricity
resistance, torment resistance 1, petrification resistance
a: no special abilities


You were on level 4 of the Dungeon.
You visited 1 branch of the dungeon, and saw 4 of its levels.

You collected 172 gold pieces.

Inventory:

Hand Weapons
 e - a +0 flail (weapon)
Armour
 a - a +0 robe (worn)
Jewellery
 i - a +6 ring of dexterity (left hand)
Scrolls
 c - 2 scrolls of teleportation {unknown}
 d - a scroll of identify {unknown}
 f - a scroll of blinking {unknown}
 g - a scroll of amnesia {unknown}
 l - 2 scrolls of butterflies {unknown}
 n - 2 scrolls of immolation {unknown}
Potions
 b - a potion of magic
 h - a potion of attraction {unknown}
 j - a potion of invisibility
 k - a potion of resistance {unknown}
 m - a potion of curing {unknown}


   Skills:
 - Level 1.5 Dodging
 - Level 2.1 Stealth
 - Level 2.0 Spellcasting
 - Level 1.1 Conjurations
 * Level 5.6 Fire Magic


You had 2 spell levels left.
You knew the following spells:

 Your Spells              Type           Power      Damage    Failure   Level
a - Foxfire               Conj/Fire      56%        2x1d6     4%          1
b - Scorch                Fire           44%        2d7       2%          2
c - Conjure Flame         Conj/Fire      14%        6-21      14%         3

Your spell library contained the following spells:

 Spells                   Type           Power      Damage    Failure   Level
 Inner Flame              Hex/Fire       12%        N/A       17%         3
 Flame Wave               Conj/Fire      14%        2d6       41%         4


Dungeon Overview and Level Annotations

Branches:
Dungeon (4/15)
 Temple: D:4-7

Altars:

Annotations:
D:4 Blork the orc


Innate Abilities, Weirdness & Mutations

You are immune to sickness and miasma.
Your stone body is resilient. (AC +4)
You are immune to poison.
You resist negative energy. (rN+)
You are resistant to electric shocks. (rElec)
You are resistant to unholy torment.
You are immune to petrification.


Message History

Blork the orc hits you with a +0 hand axe.
The ball python bites you but does no damage.
The ball python constricts you.
Blork the orc looks satisfied for a moment.
The ball python bites you. The ball python constricts you.
Magic courses through your body. Blork the orc barely misses you.
The ball python bites you but does no damage.
The ball python constricts you. Blork the orc barely misses you.
Casting: Foxfire (safe; 4% risk of failure)
Confirm with . or Enter, or press ? or * to list all spells.
The spell is quite dangerous to miscast (14% risk of failure)!
Continue anyway? [Y]es or [N]o only, please.
The spell is quite dangerous to miscast (14% risk of failure)!
Continue anyway?
You miscast Conjure Flame.
You are very lightly contaminated with residual magic.
Nothing appears to happen.
The ball python completely misses you. The ball python constricts you.
Blork the orc hits you with a +0 hand axe.
* * * LOW HITPOINT WARNING * * *
Casting: Conjure Flame (quite dangerous; 14% risk of failure)
Confirm with . or Enter, or press ? or * to list all spells.
The spell is quite dangerous to miscast (14% risk of failure)!
Continue anyway?
The fire begins to smoulder!
Blork the orc miscasts a cantrip.
The ball python barely misses you. The ball python constricts you.
Blork the orc hits you with a +0 hand axe.
* * * LOW HITPOINT WARNING * * *
The ball python barely misses you. The ball python constricts you.
* * * LOW HITPOINT WARNING * * *
It was a potion of invisibility.
You fade into invisibility!
Blork the orc closely misses you.
A goblin comes into view. It is wielding a +0 dagger.
The ball python barely misses you. The ball python constricts you.
You smother the flame.
You hit Blork the orc.
Blork the orc is lightly wounded.
Blork the orc closely misses you.
Blork the orc hits you with a +0 hand axe!
You die...

#### ...
g.# #.#
#S# #@#
#o# #.#
#.# #.#
#######.#
.......<#
#########


You could see Blork the orc (fast, unable to see you), a goblin (wandering,
unable to see you) and a ball python (unable to see you).

Vanquished Creatures
  2 adders (D:2)
  4 gnolls (D:3)
  3 worms
  3 dart slugs
  7 endoplasms
  A giant cockroach (D:2)
  7 goblins
  5 hobgoblins
  2 jackals (D:3)
  2 quokkas
  4 ball pythons
  7 bats
  2 frilled lizards
  6 kobolds
  2 rats
57 creatures vanquished.

Vanquished Creatures (others)
  185 foxfires
185 creatures vanquished.

Grand Total: 242 creatures vanquished

Notes
Turn   | Place    | Note
-------+----------+-------------------------------------------
     0 | D:1      | Explode1 the Gargoyle Fire Elementalist began the quest for
                  | the Orb.
     0 | D:1      | Reached XP level 1. HP: 10/10 MP: 3/3
   218 | D:1      | Reached XP level 2. HP: 12/15 MP: 1/5
   856 | D:2      | Reached skill level 4 in Fire Magic
   969 | D:2      | Reached XP level 3. HP: 19/19 MP: 0/6
  2016 | D:3      | Reached XP level 4. HP: 24/24 MP: 1/7
  2530 | D:3      | Reached skill level 5 in Fire Magic
  2918 | D:3      | Reached XP level 5. HP: 4/28 MP: 2/8
  3190 | D:3      | Learned a level 2 spell: Scorch
  3194 | D:3      | Learned a level 3 spell: Conjure Flame
  3795 | D:4      | Noticed Blork the orc
  3817 | D:4      | Mangled by Blork the orc

Illustrated notes

Levels and vault maps discovered:
D:1:      lemuel_arrival_river_bridge, layout_basic
D:2:      layout_basic
D:3:      layout_loops_corners, minmay_misc_feat_rugged
D:4:      layout_loops_ring, chequers_arboretum, nrook_mini_vaults,
          uniq_blork_the_orc

Skill      XL: |  1  2  3  4 |
---------------+-------------+-----
Fire Magic     | 4 5 |  5.6
Dodging        | |  1.5
Stealth        | |  2.1
Spellcasting   | |  2.0
Conjurations   | |  1.1

Action                   |  1- 3 |  4- 6 || total
-------------------------+-------+-------++-------
Melee: Unarmed           |    13 |       ||    13
       Flail             |    19 |    11 ||    30
       Punch             |     1 |       ||     1
 Cast: Foxfire           |    73 |    64 ||   137
       Conjure Flame     |       |     1 ||     1
       Scorch            |       |     1 ||     1
  Use: Potion            |       |     2 ||     2
Armor: Robe              |    14 |     6 ||    20
Dodge: Dodged            |    43 |    38 ||    81
